Workbook
Name consulting_price: Parameters!$D$18
Name food_allowance: Parameters!$D$15
Name gross_salary: Parameters!$D$5
Name months_year: Parameters!$D$16
Name salaries_year: Parameters!$D$10
Name selling_price: Parameters!$D$17
Name social_security: Parameters!$D$11
Name staff_01: Parameters!$F$7
Name staff_02: Parameters!$F$8
Name staff_03: Parameters!$F$9
Name VAT: Parameters!$D$12
Name work_days_month: Parameters!$D$13
Name work_months_year: Parameters!$D$14
Name workers_insurance: Parameters!$D$19

Sheet Intro
B2: Dear Entrepreneur, This template is made to foresee and plan the development of your startup idea for the period of 3 years. It is made based on the requirements of the EYE4UA project. The parameters are designed based on the general categories of running a business, and when the Parameters are defined most of the fields for the next sheets are connected to the values introduced in the Parameters sheets. All the yellow fields signify the need to input the values from the entrepreneur. The table and the graph from the final sheet - Graph, need to be copied into the narrative part of your Business plan.

Sheet Parameters
B2: The parameter below are to be defined by the enterpreneur (fields marked in yellow)
B3: These parameters are defined for Portugese context as a example, in the comment section you have the numbers and percentages for each category for different partner countires
A4: No | B4: Parametar | C4: Unit | G4: Comment
A5: 1 | B5: Salary/month (average) - Netto | C5: EUR | D5: 600 | G5: add the monthly salary here, if there is more staff please estimate the salaries and calculate the average
A6: 2 | B6: staff_categories | D6: Director | E6: Sales staff | F6: TOTAL | G6: you can also adjust the staff category
A7: 3 | B7: staff_members_ per year 01 | D7: 1 | E7: 1 | F7: =SUM(D7:E7) -> 2 | G7: add the number of staff per category
A8: 4 | B8: staff_members_ per year 02 | D8: 1 | E8: 2 | F8: =SUM(D8:E8) -> 3 | G8: add the number of staff per category
A9: 5 | B9: staff_members_ per year 03 | D9: 1 | E9: 3 | F9: =SUM(D9:E9) -> 4 | G9: add the number of staff per category
A10: 6 | B10: Social Security+Health Insurance+Revenue Tax (Employee taxes | D10: 12 | G10: * add taxes based on the country's regulations: for Romania 12 with tax 45%
A11: 7 | B11: Social Security | D11: 0.45 | G11: * add taxes on salary based on the country regulation: for Romania Social insurance contribution: 25%, Health insurance contribution: 10%, Revenue Tax 10%.
A12: 8 | B12: VAT | D12: 0.21 | G12: * add VAT based on the country's regulations: for Romania, standard rate in 2025: 21% https://www.avalara.com/vatlive/en/country-guides/europe/romania/romanian-vat-rates.html)
A13: 9 | B13: Days/month | D13: 21 | G13: 21 days
A14: 10 | B14: Productive months/year | D14: 12 | G14: 12 days
A15: 11 | B15: Food Allowance/day | C15: EUR | D15: 0 | G15: * add food allowence (non taxable) based on the country's regulations: for Romania: aprox 8 eur The maximum value for meal vouchers is 40 lei per day ( ~ 8 euro). Decide whether you want to keep the value or not. Either option is good, important to be in correlation with the business plan.
A16: 12 | B16: Months/year | D16: 12 | G16: 12 days
A17: 13 | B17: Product price | C17: EUR | D17: 6 | G17: add the price of your product
A18: 14 | B18: Service price | C18: EUR | D18: 0 | G18: add the price of your service
A19: 15 | B19: Staff Insurance (Employer Tax) | D19: 0.0225 | G19: * add staf insurance taxes based on the country's regulations (if not previously indicated together with other taxes in Social Security Column): for Romania: 2.25%

Sheet Operational_Costs
B1: The fields marked in yellow are to be defined by enterpreneur
B3: BUDGET HEADING | C3: 2026 | G3: =C3+1 -> 2027 | K3: =G3+1 -> 2028
C4: b | D4: Units | E4: COST/year | G4: COST/month | H4: Units | I4: COST/year | K4: COST/month | L4: Units | M4: COST/year
B6: Staff Costs
B7: Salaries | C7: =gross_salary -> 600 | D7: =staff_01 -> 2 | E7: =C7*D7*salaries_year -> 14400 | G7: =C7 -> 600 | H7: =staff_02 -> 3 | I7: =G7*H7*salaries_year -> 21600 | K7: =G7 -> 600 | L7: =staff_03 -> 4 | M7: =K7*L7*salaries_year -> 28800
B8: Food Allowance | C8: =work_days_month*food_allowance -> 0 | D8: =staff_01 -> 2 | E8: =C8*D8*work_months_year -> 0 | G8: =work_days_month*food_allowance -> 0 | H8: =staff_02 -> 3 | I8: =G8*H8*work_months_year -> 0 | K8: =work_days_month*food_allowance -> 0 | L8: =staff_03 -> 4 | M8: =K8*L8*work_months_year -> 0
B9: Staff Insurance | C9: =C7*workers_insurance -> 13.5 | D9: =staff_01 -> 2 | E9: =C9*D9*salaries_year -> 324 | G9: =G7*workers_insurance -> 13.5 | H9: =staff_02 -> 3 | I9: =G9*H9*salaries_year -> 486 | K9: =K7*workers_insurance -> 13.5 | L9: =staff_03 -> 4 | M9: =K9*L9*salaries_year -> 648
B10: SUM "Salaries" | C10: =SUM(C7:C9) -> 613.5 | E10: =SUM(E7:E9) -> 14724 | G10: =SUM(G7:G9) -> 613.5 | I10: =SUM(I7:I9) -> 22086 | K10: =SUM(K7:K9) -> 613.5 | M10: =SUM(M7:M9) -> 29448
B12: Social Security | C12: =gross_salary*social_security -> 270 | D12: =staff_01 -> 2 | E12: =C12*D12*salaries_year -> 6480 | G12: =G7*social_security -> 270 | H12: =staff_02 -> 3 | I12: =G12*H12*salaries_year -> 9720 | K12: =K7*social_security -> 270 | L12: =staff_03 -> 4 | M12: =K12*L12*salaries_year -> 12960
B13: SUM "Social Charges" | C13: =SUM(C12) -> 270 | E13: =SUM(E12) -> 6480 | G13: =SUM(G12) -> 270 | I13: =SUM(I12) -> 9720 | K13: =SUM(K12) -> 270 | M13: =SUM(M12) -> 12960
B15: TOTAL "Staff Costs" | C15: =C10+C13 -> 883.5 | E15: =E10+E13 -> 21204 | G15: =G10+G13 -> 883.5 | I15: =I10+I13 -> 31806 | K15: =K10+K13 -> 883.5 | M15: =M10+M13 -> 42408
B17: Supplies and External Services
B18: Space rental (trading place) (20 m2 x EUR 40/m2) | C18: 500 | D18: =months_year -> 12 | E18: =C18*D18 -> 6000 | G18: =C18+C18*0.1 -> 550 | H18: =months_year -> 12 | I18: =G18*H18 -> 6600 | K18: =G18+G18*0.1 -> 605 | L18: =months_year -> 12 | M18: =K18*L18 -> 7260
B19: Maintenance | C19: =SUM(C20:C22) -> 95 | D19: =months_year -> 12 | E19: =C19*D19 -> 1140 | G19: =SUM(G20:G22) -> 114 | H19: =months_year -> 12 | I19: =G19*H19 -> 1368 | K19: =SUM(K20:K22) -> 136.8 | L19: =months_year -> 12 | M19: =K19*L19 -> 1641.6
B20: Maintenance of office space | C20: 20 | D20: =months_year -> 12 | G20: =C20+C20*0.2 -> 24 | H20: =months_year -> 12 | K20: =G20+G20*0.2 -> 28.8 | L20: =months_year -> 12
B21: Office tools | C21: 45 | D21: =months_year -> 12 | G21: =C21+C21*0.2 -> 54 | H21: =months_year -> 12 | K21: =G21+G21*0.2 -> 64.8 | L21: =months_year -> 12
B22: Cleaning, Hygiene & Comfort | C22: 30 | D22: =months_year -> 12 | G22: =C22+C22*0.2 -> 36 | H22: =months_year -> 12 | K22: =G22+G22*0.2 -> 43.2 | L22: =months_year -> 12
B23: General Charges | C23: =SUM(C24:C27) -> 250 | D23: =months_year -> 12 | E23: =C23*D23 -> 3000 | G23: =SUM(G24:G27) -> 300 | H23: =months_year -> 12 | I23: =G23*H23 -> 3600 | K23: =SUM(K24:K27) -> 360 | L23: =months_year -> 12 | M23: =K23*L23 -> 4320
B24: Utility bills | C24: 200 | D24: =months_year -> 12 | E24: =C24*D24 -> 2400 | G24: =C24+C24*0.2 -> 240 | H24: =months_year -> 12 | I24: =G24*H24 -> 2880 | K24: =G24+G24*0.2 -> 288 | L24: =months_year -> 12 | M24: =K24*L24 -> 3456
B25: Fuels | C25: 50 | D25: =months_year -> 12 | E25: =C25*D25 -> 600 | G25: =C25+C25*0.2 -> 60 | H25: =months_year -> 12 | I25: =G25*H25 -> 720 | K25: =G25+G25*0.2 -> 72 | L25: =months_year -> 12 | M25: =K25*L25 -> 864
B26: Water | D26: =months_year -> 12 | E26: =C26*D26 -> 0 | G26: =C26+C26*0.2 -> 0 | H26: =months_year -> 12 | I26: =G26*H26 -> 0 | K26: =G26+G26*0.2 -> 0 | L26: =months_year -> 12 | M26: =K26*L26 -> 0
B27: Insurances | D27: =months_year -> 12 | E27: =C27*D27 -> 0 | G27: =C27+C27*0.2 -> 0 | H27: =months_year -> 12 | I27: =G27*H27 -> 0 | K27: =G27+G27*0.2 -> 0 | L27: =months_year -> 12 | M27: =K27*L27 -> 0
B28: Operational Costs | C28: =SUM(C29:C33) -> 1025 | D28: =months_year -> 12 | E28: =C28*D28 -> 12300 | G28: =SUM(G29:G33) -> 1280 | H28: =months_year -> 12 | I28: =G28*H28 -> 15360 | K28: =SUM(K29:K33) -> 1601 | L28: =months_year -> 12 | M28: =K28*L28 -> 19212
B29: Marketing & Promotion | C29: 225 | D29: =months_year -> 12 | E29: =C29*D29 -> 2700 | G29: =C29+C29*0.2 -> 270 | H29: =months_year -> 12 | I29: =G29*H29 -> 3240 | K29: =G29+G29*0.2 -> 324 | L29: =months_year -> 12 | M29: =K29*L29 -> 3888
B30: Accounting & Financial Services | C30: 500 | D30: =months_year -> 12 | E30: =C30*D30 -> 6000 | G30: =C30+C30*0.3 -> 650 | H30: =months_year -> 12 | I30: =G30*H30 -> 7800 | K30: =G30+G30*0.3 -> 845 | L30: =months_year -> 12 | M30: =K30*L30 -> 10140
B31: Logistics (Transportation) | C31: 50 | D31: =months_year -> 12 | E31: =C31*D31 -> 600 | G31: =C31+C31*0.2 -> 60 | H31: =months_year -> 12 | I31: =G31*H31 -> 720 | K31: =G31+G31*0.2 -> 72 | L31: =months_year -> 12 | M31: =K31*L31 -> 864
B32: Customs & Administrative Fees | C32: 50 | D32: =months_year -> 12 | E32: =C32*D32 -> 600 | G32: =C32+C32*0.2 -> 60 | H32: =months_year -> 12 | I32: =G32*H32 -> 720 | K32: =G32+G32*0.2 -> 72 | L32: =months_year -> 12 | M32: =K32*L32 -> 864
B33: Freelance designer and digital marketer | C33: 200 | D33: =months_year -> 12 | E33: =C33*D33 -> 2400 | G33: =C33+C33*0.2 -> 240 | H33: =months_year -> 12 | I33: =G33*H33 -> 2880 | K33: =G33+G33*0.2 -> 288 | L33: =months_year -> 12 | M33: =K33*L33 -> 3456
B34: Total "Supplies and External Services" | C34: =C18+C19+C23+C27+C28+SUM(C32:C33) -> 2120 | E34: =E18+E19+E23+E27+E28+SUM(E32:E33) -> 25440 | G34: =G18+G19+G23+G27+G28+SUM(G32:G33) -> 2544 | I34: =I18+I19+I23+I27+I28+SUM(I32:I33) -> 30528 | K34: =K18+K19+K23+K27+K28+SUM(K32:K33) -> 3062.8 | M34: =M18+M19+M23+M27+M28+SUM(M32:M33) -> 36753.6

Sheet Investments
B1: The values below are to be defined by NE (fields marked in yellow)
B3: INVESTMENT HEADING | C3: COST | D3: Years for depreciation | E3: Months for depreciation | F3: Monthly Amortisation
C4: (no VAT)
C6: [A] | E6: [B] | F6: [A] / [B]
C7: Added by the entrepreneur | D7: Europen Average | E7: Always 12 mounths
B8: Land plot & similar | D8: 25 | E8: =D8*12 -> 300 | F8: =C8/E8 -> 0
B9: Buildings and Other Constructions (buying) | D9: 5 | E9: =D9*12 -> 60 | F9: =C9/E9 -> 0
B10: Basic Equipment (coffee machine, coffee grinder, small equipment) | C10: 5000 | D10: 8 | E10: =D10*12 -> 96 | F10: =C10/E10 -> 52.083333
B11: Transportation Equipment (vending trailer) | C11: 10000 | D11: 4 | E11: =D11*12 -> 48 | F11: =C11/E11 -> 208.33333
B12: Tools and other devices | D12: 5 | E12: =D12*12 -> 60 | F12: =C12/E12 -> 0
B13: Administrative Equipment (computers, office tools, furniture) | C13: 2000 | D13: 4 | E13: =D13*12 -> 48 | F13: =C13/E13 -> 41.666667
B14: Installation Expenses (renovation, branding, signage) | C14: 2000 | D14: 20 | E14: =D14*12 -> 240 | F14: =C14/E14 -> 8.3333333
B15: RTD Expenses | D15: 3 | E15: =D15*12 -> 36 | F15: =C15/E15 -> 0
B16: Other Investments | D16: 3 | E16: =D16*12 -> 36 | F16: =C16/E16 -> 0
B17: Computer Software (website, WooCommerce, hosting, integration) | D17: 3 | E17: =D17*12 -> 36 | F17: =C17/E17 -> 0
B18: Intellectual Property | D18: 3 | E18: =D18*12 -> 36 | F18: =C18/E18 -> 0
B20: Total INVESTMENT COST (per month) | F20: =SUM(F8:F16) -> 310.41667

Sheet SALES
B1: The values below are to be defined by NE (fields marked in yellow)
B4: CATEGORY | C4: YEAR | D4: units | E4: unit value | F4: amount/year | H4: Comment
B6: Sales
B7: Product | D7: 17155 | E7: 6 | F7: =D7*E7 -> 102930 | H7: The number of sales of the prodcut planned in 1st year
B8: Service | E8: =consulting_price -> 0 | F8: =D8*E8 -> 0 | H8: The number of sales of the services planned in 1st year
B10: Total "SALES" | C10: 2026 | F10: =SUM(F7:F8) -> 102930
B12: CATEGORY | C12: YEAR | D12: units | E12: unit value | F12: amount/year
B14: Sales
B15: Product | D15: 20075 | E15: =E7+E16 -> 6.9 | F15: =D15*E15 -> 138517.5 | H15: The number of sales of the product planned in 2nd year (with the product price % change included)
B16: Product price % of growth/decrease | D16: 0.15 | E16: 0.9
B17: Service | E17: =consulting_price+E18 -> 0 | F17: =D17*E17 -> 0 | H17: The number of sales of the services planned in 2nd year (with the service price % change included)
B18: Service price % of growth/decrease | E18: =Parameters!D18*D18 -> 0
B20: Total "SALES" | C20: =C10+1 -> 2027 | F20: =SUM(F15:F17) -> 138517.5
B22: CATEGORY | C22: YEAR | D22: units | E22: unit value | F22: amount/year
B24: Sales
B25: Product | D25: 23725 | E25: =E15+E26 -> 8.28 | F25: =D25*E25 -> 196443 | H25: The number of sales of the product planned in 3rd year (with the product price % change included)
B26: Product price % of growth/decrease | D26: 0.2 | E26: 1.38
B27: Service | E27: =consulting_price+E28 -> 0 | F27: =D27*E27 -> 0 | H27: The number of sales of the services planned in 3rd year (with the service price % change included)
B28: Service price % of growth/decrease | E28: =Parameters!D18*D28 -> 0
B30: Total "SALES" | C30: =C20+1 -> 2028 | F30: =SUM(F25:F27) -> 196443

Sheet Profit_Loss
H1: comments
B2: P & L STATEMENT | D2: 1st Year (2026) | E2: 2nd Year (2027) | F2: 3rd Year (2028)
B3: 1 | C3: Sales | D3: =SALES!F7 -> 102930 | E3: =SALES!F20 -> 138517.5 | F3: =SALES!F25 -> 196443
B4: =B3+1 -> 2 | C4: Other Revenue Streams | D4: =SALES!F8 -> 0 | E4: =SALES!F17 -> 0 | F4: =SALES!F27 -> 0
B5: =B4+1 -> 3 | C5: Total INCOME (1+2) | D5: =SUM(D3:D4) -> 102930 | E5: =SUM(E3:E4) -> 138517.5 | F5: =SUM(F3:F4) -> 196443
B6: =B5+1 -> 4 | C6: Production costs of coffee, milk, glasses, other (fixed % of the price of the product/service) | D6: =D5*0.3 -> 30879 | E6: =E5*0.3 -> 41555.25 | F6: =F5*0.3 -> 58932.9 | H6: (leave it BLANK if it does not apply)
B7: =B6+1 -> 5 | C7: Distribution Costs (Transportation & Others) | D7: =D5*0.01 -> 1029.3 | E7: =E5*0.01 -> 1385.175 | F7: =F5*0.01 -> 1964.43 | H7: (leave it BLANK if it does not apply)
B8: =B7+1 -> 6 | C8: Other Variable Costs | H8: (leave it BLANK if it does not apply)
B9: =B8+1 -> 7 | C9: Total of VARIABLE COSTS (4+5+6) | D9: =SUM(D6:D8) -> 31908.3 | E9: =SUM(E6:E8) -> 42940.425 | F9: =SUM(F6:F8) -> 60897.33
B10: =B9+1 -> 8 | C10: Gross Margin (3-7) | D10: =D5-D9 -> 71021.7 | E10: =E5-E9 -> 95577.075 | F10: =F5-F9 -> 135545.67
B11: =B10+1 -> 9 | C11: Staff Costs | D11: =Operational_Costs!E15 -> 21204 | E11: =Operational_Costs!I15 -> 31806 | F11: =Operational_Costs!M15 -> 42408
B12: =B11+1 -> 10 | C12: Supplies and External Services | D12: =Operational_Costs!E34 -> 25440 | E12: =Operational_Costs!I34 -> 30528 | F12: =Operational_Costs!M34 -> 36753.6
B13: =B12+1 -> 11 | C13: Total Operational Costs (9+10) | D13: =SUM(D11:D12) -> 46644 | E13: =SUM(E11:E12) -> 62334 | F13: =SUM(F11:F12) -> 79161.6
B14: =B13+1 -> 12 | C14: Depreciation and Amortization Costs | D14: =Investments!$F$20*months_year -> 3725 | E14: =Investments!$F$20*months_year -> 3725 | F14: =Investments!$F$20*months_year -> 3725
B15: =B14+1 -> 13 | C15: Taxes and other charges | D15: =VAT*(D5-D9-Profit_Loss!D12) -> 9572.157 | E15: =VAT*(E5-E9-Profit_Loss!E12) -> 13660.306 | F15: =VAT*(F5-F9-Profit_Loss!F12) -> 20746.335 | H15: [ difference between VAT of "INCOME" and VAT of ("VARIABLE COSTS" + "EXTERNAL SERVICES") ]
B16: =B15+1 -> 14 | C16: Financial Costs (interest) | H16: (should there be a BANK LOAN, it needs to be calculated and included in this category)
B17: =B16+1 -> 15 | C17: Operating Result (8-11-12-13-14) | D17: =D10-D13-D14-D15-D16 -> 11080.543 | E17: =E10-E13-E14-E15-E16 -> 15857.769 | F17: =F10-F13-F14-F15-F16 -> 31912.735

Sheet Graphs
B2: year | C2: income | D2: costs | E2: result
B3: 2026 | C3: =Profit_Loss!D5 -> 102930 | D3: =Profit_Loss!D9+Profit_Loss!D13+SUM(Profit_Loss!D14:D16) -> 91849.457 | E3: =C3-D3 -> 11080.543 | J3: The table and the graph from this sheet - Graphs, need to be copied into the narrative part of your Business plan.
B4: =B3+1 -> 2027 | C4: =Profit_Loss!E5 -> 138517.5 | D4: =Profit_Loss!E9+Profit_Loss!E13+SUM(Profit_Loss!E14:E16) -> 122659.73 | E4: =C4-D4 -> 15857.769
B5: =B4+1 -> 2028 | C5: =Profit_Loss!F5 -> 196443 | D5: =Profit_Loss!F9+Profit_Loss!F13+SUM(Profit_Loss!F14:F16) -> 164530.26 | E5: =C5-D5 -> 31912.735
